Map: Site Delta LE

Players

Subwayeatn - Winner!

  • Race: Zerg Zerg
  • League: Diamond
  • Spawn Location: 5:00

ApexBios

  • Race: Zerg Zerg
  • Spawn Location: 11:00

VOD

Have the link to the VOD?

Description

Time

  • Played on: Nov. 16, 2023, 12:31 p.m.
  • Length: 3:18
Show
View Real Time Build Order
Export as new Build Order

Subwayeatn Zerg - Winner!

Build Orders: Pool First 

Get SALT Encoding   

  12  0:00  Drone  
  13  0:08  Drone  
  14  0:16  Extractor  
  13  0:27  Spawning Pool  
  12  0:56  Hatchery  
  11  1:15  Queen  
  13  1:36  Metabolic Boost  
  13  1:39  Overlord  
  13  1:44  Zergling x2  
  14  1:58  Zergling x4  
  16  2:02  Zergling x2  
  16  2:08  Queen  
  19  2:11  Zergling x2  
  20  2:16  Zergling x2  
  20  2:21  Zergling x2  
  22  2:28  Zergling x2  
  22  2:29  Zergling x2  
  24  2:34  Zergling x2  
  25  2:42  Zergling x2  
  26  2:57  Zergling x4  
Show
View Real Time Build Order
Export as new Build Order

ApexBios Zerg 

Build Orders: Hatch First 

Get SALT Encoding   

  12  0:00  Drone  
  13  0:13  Overlord  
  13  0:16  Drone  
  14  0:31  Drone x2  
  14  0:35  Drone  
  17  0:53  Hatchery  
  17  0:56  Drone  
  17  1:00  Drone  
  18  1:10  Extractor  
  17  1:15  Spawning Pool  
  17  1:17  Drone  
  17  1:20  Drone  
  18  1:28  Drone  
  19  1:39  Drone  
  20  1:52  Overlord  
  20  2:01  Queen  
  20  2:06  Queen  
  20  2:08  Drone x2  
  26  2:14  Drone  
  27  2:17  Drone  
  28  2:25  Drone  
  28  2:27  Drone  
  30  2:34  Drone  
  31  2:39  Drone  
  32  2:47  Drone  
  32  2:50  Drone  
  34  2:58  Roach Warren  
  34  3:01  Evolution Chamber  
  36  3:14  Evolution Chamber  
Tags
 
League
Diamond
Matchup
ZvZ
Race
Zerg
Replay Pack
2025 replay dump
Spawn Locations
Cross Positions
Add a new tag
Caveats
  • Supply blocks, unpowered buildings, or Contaminate may cause inaccurate times.
  • Supply counts are checked every 10 seconds.